 Dungeon Crawl Stone Soup version 0.26.1-11-gd32895ea62 (webtiles) character file.

Game seed: 13927153785261324346

9671 Zeld the Cruncher (level 11, -1/64 HPs)
             Began as an Octopode Gladiator on May 22, 2021.
             Was an Initiate of Okawaru.
             Slain by a hornet (11 damage)
             ... while paralysed by a hornet
             ... on level 10 of the Dungeon.
             The game lasted 00:23:31 (21323 turns).

Zeld the Cruncher (Octopode Gladiator)             Turns: 21323, Time: 00:23:33

Health: -1/64      AC:  3    Str: 17    XL:     11   Next: 50%
Magic:  0/11       EV:  2    Int: 11    God:    Okawaru [......]
Gold:   972        SH:  0    Dex: 13    Spells: 10/10 levels left

rFire    . . .     SeeInvis .   a - +2 quarterstaff
rCold    . . .     Faith    .   (shield currently unavailable)
rNeg     + . .     Spirit   +   b - +2 hat
rPois    .         Reflect  .   n - amulet of guardian spirit
rElec    .         Harm     .   l - ring of willpower
rCorr    .         Rampage  .   E - ring of stealth
Will     +....                  d - ring of positive energy
Stlth    +++.......             (no ring)
HPRegen  0.20/turn              (no ring)
MPRegen  0.12/turn              (no ring)
                                (no ring)
                                (no ring)

@: paralysed, lethally poisoned (-1 -> -14), slowed
A: almost no armour, stealthy swim, amphibious, 8 rings, constrict 8, camouflage
1, gelatinous body 1
a: Renounce Religion


You were on level 10 of the Dungeon.
You worshipped Okawaru.
Okawaru was noncommittal.
You visited 2 branches of the dungeon, and saw 11 of its levels.
You also visited: Sewer, Ossuary and Bailey.

You collected 1652 gold pieces.
You spent 680 gold pieces at shops.

Inventory:

Hand Weapons
 a - a +2 quarterstaff (weapon)
Missiles
 c - 3 throwing nets
 h - 5 javelins
 q - 70 poisoned darts (quivered)
 u - 66 boomerangs
 y - 3 curare-tipped darts
Armour
 b - a +2 hat (worn)
Jewellery
 d - a ring of positive energy (on tentacle)
 l - a ring of willpower (left tentacle)
 n - an amulet of guardian spirit (around mantle)
 E - a ring of stealth (right tentacle)
Wands
 k - a wand of flame (28)
 r - a wand of paralysis (2)
Scrolls
 i - 2 scrolls of enchant armour
 p - a scroll of amnesia
 B - 13 scrolls of remove curse
 C - 2 scrolls of magic mapping
 D - 2 scrolls of teleportation
Potions
 e - 3 potions of attraction {unknown}
 f - 2 potions of lignification {unknown}
 g - 2 potions of cancellation {unknown}
 j - 3 potions of might {unknown}
 m - a potion of heal wounds
 s - 13 potions of curing {unknown}
 v - 2 potions of experience {unknown}
 z - 7 potions of flight {unknown}
 A - 2 potions of brilliance {unknown}
 H - 2 potions of invisibility {unknown}
Miscellaneous
 w - a phantom mirror (inert)
 G - a phial of floods (inert)


   Skills:
 - Level 2.0 Fighting
 - Level 14.0 Staves
 * Level 10.7 Throwing
 - Level 3.0 Dodging


You had 10 spell levels left.
You didn't know any spells.
Your spell library contained the following spells:

 Spells                   Type           Power        Failure   Level
 Beastly Appendage        Tmut           0%           34%         1
 Wereblood                Tmut           0%           47%         2
 Spider Form              Tmut/Pois      0%           71%         3
 Ice Form                 Ice/Tmut       0%           98%         4
 Blade Hands              Tmut           0%           100%        5


Dungeon Overview and Level Annotations

Branches:
Dungeon (10/15)            Temple (1/1) D:6            Lair (0/6) D:9
  Sewer (visited)         Ossuary (visited)          Bailey (visited)
    Orc: D:9-12

Altars:
Ashenzari
Cheibriados
Dithmenos
Elyvilon
Fedhas
Gozag
Hepliaklqana
Kikubaaqudgha
Makhleb
Nemelex Xobeh
Okawaru
Qazlal
Ru
Sif Muna
Trog
Uskayaw
Vehumet
Wu Jian
Xom
Yredelemnul
Zin
The Shining One

Shops:
D:5 [   D:7 ?


Innate Abilities, Weirdness & Mutations

You cannot wear most types of armour.
You are very stealthy in the water. (Stealth+)
You are amphibious.
You can wear up to eight rings at the same time.
You can use your tentacles to constrict eight enemies at once.
Your skin changes colour to match your surroundings (Stealth+).
Your rubbery body absorbs attacks. (AC +1, EV +1)


Message History

The hornet stings you.
You feel yourself slow down.
You miss the hornet. You grab the hornet.
The hornet is moderately wounded.
You constrict the hornet. The hornet stings you!
You are poisoned.
You feel as though you will be slow longer.
The hornet stings you.
You feel as though you will be slow longer.
You hit the hornet.
The hornet is moderately wounded.
You constrict the hornet, but do no damage.
You feel sick. The ogre hits you with a +0 giant club! The hornet stings you.
You suddenly lose the ability to move!
You lose your grip on the hornet.
You feel sick. The hornet stings you.
You are more poisoned.
You feel as though you will be slow longer.
The ogre hits you with a +0 giant club!!
* * * LOW HITPOINT WARNING * * *
The hornet stings you!
You die...

#############
#...........#
#(..........# .
#...........#).
#..........^..
#...yO......#
+....@....>.#
#...........#
#######'##### #.# #.#
#.#
##+###############'#####
..........##...........#
...........#...........#


You could see a hornet and an ogre.

Vanquished Creatures
  An orc warlord (Bailey)
  2 two-headed ogres
  Pikel (D:3)
  Joseph (D:7)
  Psyche (D:8)
  A gargoyle (D:7)
  A troll (D:8)
  Eustachio (D:5)
  5 yaks (D:8)
  2 wyverns
  An eye of draining (D:8)
  3 ice beasts
  2 sky beasts
  7 orc warriors
  2 phantoms
  3 centaurs
  5 ogres
  3 lemures
  An elf zombie (Ossuary)
  3 big kobolds
  A gnoll sergeant (D:8)
  3 bullfrogs (D:8)
  3 wights (D:8)
  3 howler monkeys
  An electric eel (D:8)
  2 bullfrog zombies
  8 hounds
  A jelly (D:5)
  A human zombie (Ossuary)
  5 orc priests
  9 orc wizards
  3 bullfrog skeletons
  4 worker ants
  A killer bee zombie (D:9)
  A big kobold zombie (Ossuary)
  4 mummies (Ossuary)
  A worker ant zombie (D:5)
  14 adders
  8 gnolls
  9 river rats (Sewer)
  2 white imps (D:8)
  2 ufetubi
  2 oozes
  3 adder skeletons
  4 worms
  A dart slug (D:3)
  2 leopard geckos
  41 orcs
  6 giant cockroaches
  2 gnoll zombies (Ossuary)
  14 goblins
  8 hobgoblins
  8 jackals
  45 kobolds
  7 quokkas
  4 ball pythons
  A ball python skeleton (D:5)
  11 bats
  3 frilled lizards
  3 goblin zombies (Ossuary)
  2 jackal zombies (Ossuary)
  A leopard gecko zombie (D:7)
  2 orc zombies (Ossuary)
  23 rats
325 creatures vanquished.

Vanquished Creatures (others)
  A ghoul (D:1)
  A minotaur (D:1)
  An octopode (D:1)
  A troll (D:1)
  A formicid (D:1)
  A spriggan (D:1)
  A vampire (D:1)
  5 centaurs (D:1)
  2 orcs (D:1)
  A kobold (D:1)
  4 plants (D:5)
  7 tentacles (D:1)
26 creatures vanquished.

Grand Total: 351 creatures vanquished

Notes
Turn   | Place    | Note
-------+----------+-------------------------------------------
     0 | D:1      | Zeld the Octopode Gladiator began the quest for the Orb.
     0 | D:1      | Reached XP level 1. HP: 14/14 MP: 1/1
     2 | D:1      | Noticed a centaur
     2 | D:1      | Noticed a minotaur
     2 | D:1      | Noticed a centaur
     2 | D:1      | Noticed a vampire
     2 | D:1      | Noticed a centaur
     2 | D:1      | Noticed a ghoul
     2 | D:1      | Noticed a kraken
     2 | D:1      | Noticed a formicid
     2 | D:1      | Noticed an octopode
     2 | D:1      | Noticed a spriggan
     2 | D:1      | Noticed a centaur
     2 | D:1      | Noticed a troll
     2 | D:1      | Noticed a centaur
     4 | D:1      | Killed a troll
     6 | D:1      | Killed a centaur
     6 | D:1      | Killed a centaur
     7 | D:1      | Killed a spriggan
     8 | D:1      | Killed a centaur
     8 | D:1      | Killed an octopode
     8 | D:1      | Killed a centaur
    13 | D:1      | Killed a centaur
    13 | D:1      | Killed a ghoul
    14 | D:1      | Killed a formicid
    16 | D:1      | Killed a minotaur
    16 | D:1      | Killed a vampire
   446 | D:1      | Reached XP level 2. HP: 19/19 MP: 2/2
  1247 | D:1      | Reached skill level 4 in Staves
  1332 | D:2      | Reached XP level 3. HP: 22/24 MP: 3/3
  2068 | D:2      | Reached XP level 4. HP: 29/29 MP: 4/4
  2284 | D:2      | Reached skill level 5 in Staves
  3071 | D:3      | Reached XP level 5. HP: 25/34 MP: 5/5
  3379 | D:4      | Found a glowing drain.
  3384 | Sewer    | Entered a sewer
  3765 | Sewer    | Reached skill level 6 in Staves
  4001 | Sewer    | Noticed a big kobold
  4008 | Sewer    | Killed a big kobold
  4009 | Sewer    | Reached XP level 6. HP: 31/39 MP: 6/6
  4610 | Sewer    | Reached skill level 7 in Staves
  4936 | D:4      | Noticed Pikel
  4977 | D:4      | Reached XP level 7. HP: 45/45 MP: 7/7
  4997 | D:4      | Reached skill level 8 in Staves
  5699 | D:3      | Killed Pikel
  5700 | D:3      | Reached skill level 10 in Staves
  5700 | D:3      | Reached XP level 8. HP: 26/50 MP: 8/8
  6160 | D:5      | Entered Level 5 of the Dungeon
  7583 | D:5      | Noticed Eustachio
  7596 | D:5      | Killed Eustachio
  7597 | D:5      | Reached skill level 11 in Staves
  7740 | D:5      | You fall into a shaft and drop 3 floors!
  7763 | D:8      | Reached XP level 9. HP: 54/54 MP: 9/9
  7889 | D:8      | Found a sand-covered staircase.
  7893 | Ossuary  | Entered an ossuary
  8547 | D:8      | Reached skill level 12 in Staves
  8897 | D:7      | Found Ororigix's Magic Scroll Emporium.
  8901 | D:7      | Bought a scroll of magic mapping for 52 gold pieces
  8911 | D:7      | Found a flagged portal.
  8923 | Bailey   | Entered a bailey
  8944 | Bailey   | Noticed an orc warlord
  9562 | Bailey   | Found a runed translucent gate.
  9563 | Bailey   | Found a runed translucent gate.
  9565 | Bailey   | Found a runed translucent gate.
  9881 | Bailey   | Killed an orc warlord
  9882 | Bailey   | Reached XP level 10. HP: 25/60 MP: 4/10
 10221 | D:6      | Reached skill level 13 in Staves
 10459 | D:6      | Found a burning altar of Makhleb.
 10608 | D:5      | Found Laz Fir's Antique Armour Shop.
 11291 | D:5      | Identified a scroll of acquirement
 11292 | D:5      | Acquired 913 gold pieces
 11355 | D:6      | Found a hazy altar of Hepliaklqana.
 11357 | D:6      | Found an ancient bone altar of Kikubaaqudgha.
 11384 | D:6      | Found a staircase to the Ecumenical Temple.
 11581 | Temple   | Entered the Ecumenical Temple
 12136 | D:7      | Found a snail-covered altar of Cheibriados.
 12169 | D:7      | Found a sacrificial altar of Ru.
 12172 | D:7      | Found an opulent altar of Gozag.
 12173 | D:7      | Found a hide-covered altar of Uskayaw.
 12173 | D:7      | Found a bloodstained altar of Trog.
 12175 | D:7      | Found a snail-covered altar of Cheibriados.
 12633 | D:7      | Bought a scroll of teleportation for 45 gold pieces
 12633 | D:7      | Bought a scroll of enchant weapon for 112 gold pieces
 12633 | D:7      | Bought a scroll of fear for 52 gold pieces
 12633 | D:7      | Bought a scroll of summoning for 142 gold pieces
 12633 | D:7      | Bought a scroll of blinking for 112 gold pieces
 12633 | D:7      | Bought a scroll of identify for 30 gold pieces
 12633 | D:7      | Bought 2 scrolls of remove curse for 90 gold pieces
 12633 | D:7      | Bought a scroll of remove curse for 45 gold pieces
 12869 | D:7      | Noticed a gargoyle
 13262 | D:7      | Killed a gargoyle
 13632 | D:7      | Noticed Joseph
 13654 | D:7      | Killed Joseph
 14033 | D:8      | Reached skill level 14 in Staves
 14526 | D:8      | Noticed Psyche
 14537 | D:8      | Killed Psyche
 14963 | D:9      | Found a staircase to the Lair.
 14963 | D:9      | Noticed a death yak
 15017 | D:9      | Noticed a two-headed ogre
 15040 | D:8      | Killed a two-headed ogre
 15041 | D:8      | Reached XP level 11. HP: 48/64 MP: 9/11
 18908 | D:8      | Reached skill level 10 in Throwing
 19705 | D:9      | Found an iron altar of Okawaru.
 19713 | D:9      | Became a worshipper of Warmaster Okawaru
 19861 | D:9      | Noticed a death yak
 19864 | D:9      | Noticed a death yak
 19864 | D:9      | Noticed a death yak
 19865 | D:9      | Noticed a death yak
 20485 | D:9      | Noticed a death yak
 21131 | D:10     | Entered Level 10 of the Dungeon
 21161 | D:10     | Noticed a two-headed ogre
 21172 | D:10     | Killed a two-headed ogre
 21322 | D:10     | Paralysed by a hornet for 3 turns
 21323 | D:10     | Slain by a hornet

Illustrated notes

Levels and vault maps discovered:
D:1:      nicolae_arrival_kraken_aquarium_b, layout_basic
D:2:      layout_basic
D:3:      layout_rooms, chequers_mini_garden
D:4:      layout_cave_pools, gup_sewer_entry_bowl, serial_park,
          serial_park_tiny_pond, serial_park_square2, serial_park_square2,
          serial_park_square3 [serial_park_minivault_5x5_2], serial_park_square3
          [serial_park_minivault_5x5_7], uniq_pikel
D:5:      layout_rooms, serial_shops, nicolae_shop_overgrown_old_shop,
          mrwooster_statue_mirror, uniq_eustachio
D:6:      layout_basic, general_overflow_altar, grunt_temple_overflow_open,
          temple_statues, hangedman_decor_riveting
D:7:      layout_rooms, minitemple, basic_altar, serial_shops, shop,
          enter_bailey_5, uniq_joseph
D:8:      layout_basic, nicolae_ossuary_entry_plus, kennysheep_potato,
          uniq_psyche
D:9:      layout_cave_pools, lemuel_coloured_pillars_altar, dpeg_lair_monsters,
          special_room [special_room_orc]
D:10:     layout_roguey, blue_anna_alchemist [blue_anna_fruit_fields,
          blue_anna_fruit_fields]
Temple:   dshaligram_water_room_temple

Skill      XL: |  1  2  3  4  5  6  7  8  9 10 11 |
---------------+----------------------------------+-----
Staves         | 4 5 6 7 10 11 12 14 | 14.0
Throwing       | 6 8 10 | 10.7
Fighting       | |  2.0
Dodging        | |  3.0

Action                   |  1- 3 |  4- 6 |  7- 9 | 10-12 || total
-------------------------+-------+-------+-------+-------++-------
Melee: Quarterstaff      |    66 |   170 |   263 |   364 ||   863
       Constrict         |    18 |    42 |    65 |    60 ||   185
       Tentacles         |    10 |    29 |    58 |    90 ||   187
Throw: Dart              |       |       |    10 |     1 ||    11
       Boomerang         |       |       |     2 |       ||     2
Evoke: Wand              |       |       |    18 |    11 ||    29
       Phial of floods   |       |       |       |     1 ||     1
       Phantom mirror    |       |       |       |     1 ||     1
  Use: Scroll            |       |       |    12 |    20 ||    32
       Potion            |       |       |     1 |     7 ||     8
 Stab: Sleeping          |     6 |     8 |     5 |    14 ||    33
       Distracted        |       |     1 |       |     3 ||     4
       Paralysed         |       |       |    20 |    20 ||    40
Armor: Skin              |     4 |    10 |    16 |    31 ||    61
Dodge: Dodged            |    51 |   104 |   181 |   214 ||   550
